 Dungeon Crawl Stone Soup version 0.31.0-11-ge490571c62 (webtiles) character file.

Game seed: 9276088839008225145

41 qw the Shooter (level 3, -2/20 HPs)
             Began as a Deep Elf Hunter on Feb 3, 2024.
             Slain by Terence
             ... wielding a +0 mace
              (4 damage)
             ... on level 2 of the Dungeon.
             The game lasted 00:00:02 (672 turns).

qw the Shooter (Deep Elf Hunter)                     Turns: 672, Time: 00:00:03

Health: -2/20      AC:  3    Str: 10    XL:     3   Next: 32%
Magic:  5/5        EV: 12    Int: 13    God:
Gold:   47         SH:  0    Dex: 18    Spells: 2/2 levels left

rFire   . . .        a - +0 shortbow
rCold   . . .        (shield currently unavailable)
rNeg    . . .        c - +0 leather armour
rPois   .            (no helmet)
rElec   .            (no cloak)
rCorr   .            (no gloves)
SInv    .            (no boots)
Will    .....        (no amulet)
Stlth   ++           (no ring)
HPRegen 0.23/turn    (no ring)
MPRegen 0.09/turn

%: no passive effects
@: about to teleport
A: no potion heal 1
a: no special abilities


You were on level 2 of the Dungeon.
You visited 1 branch of the dungeon, and saw 2 of its levels.

You collected 47 gold pieces.


Innate Abilities, Weirdness & Mutations

Potions are less effective at restoring your health.


   Skills:
 - Level 1.5 Fighting
 + Level 6.9 Ranged Weapons
 - Level 2.4 Dodging
 - Level 1.2 Stealth


You had 2 spell levels left.
You didn't know any spells.
Your spell library was empty.

Inventory:

Hand Weapons
 a - a +0 shortbow (weapon)
Armour
 c - a +0 leather armour (worn)
Scrolls
 g - a scroll of teleportation
Potions
 b - a potion of brilliance {unknown}
 i - a potion of resistance

Dungeon Overview and Level Annotations

Branches:
Dungeon (2/15)

Altars:

Annotations:
D:2 Terence


Message History

You shoot an arrow. The arrow barely misses Terence.
The arrow hits the endoplasm.
The endoplasm is severely wounded.
You shoot an arrow. The arrow hits Terence.
Terence is lightly wounded.
You shoot an arrow.
The arrow hits Terence but does no damage.
Terence is lightly wounded.
You shoot an arrow.
The arrow hits Terence but does no damage.
Terence is lightly wounded.
Terence hits you but does no damage.
You shoot an arrow. The arrow hits Terence.
Terence is heavily wounded.
Terence closely misses you.
You shoot an arrow. The arrow hits Terence!
Terence is severely wounded.
Terence hits you with a +0 mace. x2
You shoot an arrow.
The arrow hits Terence but does no damage.
Terence is severely wounded.
A quokka comes into view.
Terence hits you with a +0 mace.
You shoot an arrow. The arrow barely misses Terence.
The arrow hits the endoplasm.
You kill the endoplasm!
Terence barely misses you.
You shoot an arrow. The arrow closely misses Terence.
The arrow closely misses the quokka.
Terence misses you.
You shoot an arrow.
The arrow hits Terence but does no damage.
Terence is severely wounded.
Terence hits you with a +0 mace.
672 ||| READING 2 scrolls of teleportation.
As you read the scroll of teleportation, it crumbles to dust.
You feel strangely unstable. Terence hits you with a +0 mace.
You die...
Terence says, "That felt goooood."

#####
...####...#
#....r@@#.#
#.#####...#
##.## #.#
#.# #.# #.#
. ######.#
. #<.....#


You could see Terence and a quokka.

Vanquished Creatures
  A dart slug (D:1)
  3 bats (D:1)
  5 endoplasms
  A giant cockroach (D:1)
  3 goblins (D:1)
  2 hobgoblins (D:1)
  7 jackals (D:1)
  3 kobolds (D:1)
  A quokka (D:1)
  2 ball pythons (D:1)
  2 frilled lizards (D:1)
  2 rats (D:1)
32 creatures vanquished.

Notes
Turn   | Place    | Note
-------+----------+-------------------------------------------
     0 | D:1      | qw the Deep Elf Hunter began the quest for the Orb.
     0 | D:1      | Reached XP level 1. HP: 12/12 MP: 3/3
     0 | D:1      | 0 ||| qw: Version: 0.3-a-155-g5e7d8dd
     0 | D:1      | 0 ||| qw: Game counter: 3377
     0 | D:1      | 0 ||| qw: Melee chars always use a shield: true
     0 | D:1      | 0 ||| qw: God list: Okawaru
     0 | D:1      | 0 ||| qw: Allow faded altars: false
     0 | D:1      | 0 ||| qw: Do Orc after clearing Dungeon:15 true
     0 | D:1      | 0 ||| qw: Do second Lair branch before Depths: true
     0 | D:1      | 0 ||| qw: Lair rune preference: random
     0 | D:1      | 0 ||| qw: Goals: Normal
     0 | D:1      | 0 ||| PLANNING D:1-11
   119 | D:1      | Reached skill level 6 in Ranged Weapons
   119 | D:1      | Reached XP level 2. HP: 16/16 MP: 4/4
   207 | D:1      | 207 ||| RETREEEEATING.
   208 | D:1      | 208 ||| RETREEEEATING.
   209 | D:1      | 209 ||| RETREEEEATING.
   210 | D:1      | 210 ||| RETREEEEATING.
   313 | D:1      | Reached XP level 3. HP: 20/20 MP: 5/5
   594 | D:1      | 594 ||| READING scroll labelled TORGHE LIEHIXO.
   595 | D:1      | 595 ||| READING scroll labelled KITWIE ZURYXT.
   595 | D:1      | 595 ||| IDENTIFYING metallic cyan potion
   596 | D:1      | 596 ||| READING 3 scrolls labelled ZYKYWE EHYAMEMNUNK.
   600 | D:1      | 600 ||| READING scroll labelled QAAPUZ ASS.
   601 | D:1      | 601 ||| DRINKING 2 fuming pink potions.
   601 | D:1      | Gained mutation: Your muscles are strong. (Str +4, Int/Dex
                  | -1) [potion of mutation]
   601 | D:1      | Gained mutation: Your mind is acute. (Int +4, Str/Dex -1)
                  | [potion of mutation]
   601 | D:1      | Gained mutation: You occasionally lose the ability to drink
                  | potions when taking damage. [potion of mutation]
   602 | D:1      | 602 ||| DRINKING potion of mutation.
   602 | D:1      | Lost mutation: You occasionally lose the ability to drink
                  | potions when taking damage. [potion of mutation]
   602 | D:1      | Lost mutation: Your mind is acute. (Int +4, Str/Dex -1)
                  | [potion of mutation]
   602 | D:1      | Lost mutation: Your muscles are strong. (Str +4, Int/Dex
                  | -1) [potion of mutation]
   602 | D:1      | Gained mutation: Potions are less effective at restoring
                  | your health. [potion of mutation]
   603 | D:1      | 603 ||| DROPPING scroll of butterflies.
   659 | D:2      | Noticed Terence
   671 | D:2      | HP: 1/20 [Terence/+0 mace (6)]
   672 | D:2      | 672 ||| READING 2 scrolls of teleportation.
   672 | D:2      | Slain by Terence

Levels and vault maps discovered:
D:1:      evilmike_arrival_hilbert_curve, layout_rooms
D:2:      layout_loops_ring, uniq_natasha, uniq_terence

Skill      XL: |  1 |
---------------+----+-----
Ranged Weapons | 6 |  6.9
Fighting       | |  1.5
Dodging        | |  2.4
Stealth        | |  1.2

Action                     || total
---------------------------++-------
   Fire: Shortbow          ||    77
    Use: Scroll            ||     5
         Potion            ||     2
 Armour: Leather armour    ||    37
  Dodge: Dodged            ||    31

Table legend:
 A = Non-vault XP
 B = Vault XP
 C = Vault XP percentage of total XP
 D = Non-vault monster count
 E = Vault monster count
 F = Vault count percentage of total count
                 A         B        C        D         E       F
            +---------+---------+-------+---------+---------+-------
      Total |      59 |       0 |   0.0 |      32 |       0 |   0.0
            +---------+---------+-------+---------+---------+-------
        D:1 |      55 |       0 |   0.0 |      30 |       0 |   0.0
        D:2 |       4 |       0 |   0.0 |       2 |       0 |   0.0
            +---------+---------+-------+---------+---------+-------
